 Dungeon Crawl Stone Soup version 0.31.0-11-ge490571c62 (webtiles) character file.

Game seed: 12718847677712934408

2639 inmateoo the Spear-Bearer (level 9, -5/58 (62) HPs)
             Began as a Human Delver on Jan 28, 2024.
             Was an Elder of Hepliaklqana.
             Slain by a wight
             ... wielding a +2 halberd
              (10 damage)
             ... on level 7 of the Dungeon.
             The game lasted 00:09:50 (5885 turns).

inmateoo the Spear-Bearer (Human Delver)            Turns: 5885, Time: 00:09:51

HP:   -5/58 (62)    AC:  7    Str: 17    XL:     9   Next: 61%
MP:   11/11         EV: 11    Int: 11    God:    Hepliaklqana [****..]
Gold: 307           SH:  0    Dex: 20    Spells: 8/8 levels left

rFire   . . .        a - +0 scythe
rCold   . . .        (shield currently unavailable)
rNeg    . . .        s - +0 scale mail
rPois   .            (no helmet)
rElec   .            (no cloak)
rCorr   .            w - +0 pair of gloves
SInv    .            (no boots)
Will    .....        (no amulet)
Stlth   ++           o - +6 ring of dexterity
HPRegen 0.29/turn    (no ring)
MPRegen 0.12/turn

%: no passive effects
@: drained
A: reduced essence, explore regen
a: Renounce Religion, Recall Ancestor, Ancestor Identity, Transference, Idealise


You were on level 7 of the Dungeon.
You worshipped Hepliaklqana.
Hepliaklqana was greatly pleased with you.
You visited 1 branch of the dungeon, and saw 7 of its levels.

You collected 307 gold pieces.

Inventory:

Hand Weapons
 a - a +0 scythe (weapon)
 y - a +0 spear of venom
Missiles
 p - 6 poisoned darts (quivered)
 x - a throwing net
Armour
 s - a +0 scale mail (worn)
 u - a +0 kite shield
 w - a +0 pair of gloves (worn)
Jewellery
 o - a +6 ring of dexterity (left hand)
 A - a ring of magical power
Wands
 d - a wand of charming (18)
 r - a wand of roots (8)
 z - a wand of flame (18)
Scrolls
 b - a scroll of revelation
 c - 2 scrolls of fog
 e - 2 scrolls of fear
 g - 3 scrolls of teleportation
 h - a scroll of torment {unknown}
 i - a scroll of amnesia {unknown}
 n - a scroll of enchant weapon {unknown}
 t - a scroll of butterflies
Potions
 f - a potion of haste
 j - 3 potions of curing
 k - a potion of brilliance
 l - a potion of mutation
 m - a potion of resistance
 q - a potion of lignification
 B - a potion of ambrosia


   Skills:
 + Level 6.0 Fighting
 + Level 10.4 Polearms
 + Level 2.9 Armour
 + Level 3.7 Dodging
 - Level 5.0 Stealth
 + Level 3.2 Invocations


You had 8 spell levels left.
You didn't know any spells.
Your spell library contained the following spells:

 Spells                   Type           Power      Damage    Failure   Level
 Apportation              Tloc           0%         N/A       75%         1
 Necrotise                Necr           0%         1d4       75%         1
 Slow                     Hex            0%         N/A       75%         1
 Sting                    Conj/Alch      0%         1d3       75%         1
 Summon Small Mammal      Summ           0%         N/A       75%         1
 Call Imp                 Summ           0%         N/A       87%         2
 Call Canine Familiar     Summ           0%         N/A       98%         3
 Confusing Touch          Hex            0%         N/A       98%         3
 Sigil of Binding         Hex            0%         N/A       98%         3
 Vampiric Draining        Necr           0%         2d6       98%         3
 Martyr's Knell           Necr/Summ      0%         N/A       100%        4
 Summon Blazeheart Golem  Fire/Summ      0%         N/A       100%        4
 Summon Lightning Spire   Summ/Air       0%         N/A       100%        4
 Summon Mana Viper        Hex/Summ       0%         N/A       100%        5


Dungeon Overview and Level Annotations

Branches:
Dungeon (7/15)             Temple (0/1) D:4

Altars:
Hepliaklqana
Kikubaaqudgha
Okawaru
Qazlal
Uskayaw
Xom

Annotations:
D:4 2 transporters
D:6 1 runed translucent door, lDtest's ghost, novice DrEE


Innate Abilities, Weirdness & Mutations

Your life essence is reduced to manifest your ancestor. (-10% HP)
You regain HP and MP as you explore.


Message History

You kill the kobold!
The kobold barely misses Paullus.
The kobold throws a stone.
The stone hits Paullus but does no damage.
You slash the orc warrior!
The orc warrior is moderately wounded.
The kobold hits Paullus but does no damage.
Paullus blocks the kobold's attack.
The orc warrior hits you with a +0 dire flail!
Paullus hits the kobold with a +0 flail!
The kobold dies!
The kobold hits Paullus but does no damage.
The orc warrior hits Paullus with a +0 dire flail!
Paullus barely misses the kobold.
You reach to attack!
You hit the orc warrior.
The orc warrior is moderately wounded.
The kobold throws a stone.
The stone hits Paullus but does no damage.
The orc warrior hits Paullus with a +0 dire flail!
Paullus is destroyed!
The kobold throws a stone.
The stone hits you but does no damage.
A wight comes into view. It is wielding a +2 halberd.
A wight comes into view. It is wielding a +0 long sword.
The kobold throws a stone.
The stone hits you.
A wight comes into view. It is wielding a +3 spear.
The wight attacks as it pursues you!
The wight hits you from afar with a +2 halberd!
You feel drained.
* * * LOW HITPOINT WARNING * * *
The wight attacks as it pursues you!
The wight hits you from afar with a +2 halberd!
* * * LOW HITPOINT WARNING * * *
You feel drained.
* * * LOW HITPOINT WARNING * * *
The wight hits you but does no damage.
Okay, then.
As you read the scroll of fear, it crumbles to dust.
You assume a fearsome visage.
The orc warrior looks frightened!
The wight is unaffected. x3
The wight hits you from afar with a +2 halberd!
You die...

#..)))...#
##....)...#
#$....).#.#
##.....#..#
####.........#
######...>........#
.........#.....##.#
.......o.z.....##.#
#..#..#@###.......#
#.....z###..#.##.#
#.....<..#..##...#
#.#####...z.......#
. #.†.z........#
#............#
..............#
................#
.................#


You could see an orc warrior (fleeing) and 3 wights.

Vanquished Creatures
  Pikel (D:4)
  Prince Ribbit (D:6)
  Grinder (D:4)
  A wyvern (D:6)
  Menkaure (D:4)
  Edmund (D:6)
  An ogre (D:5)
  A kobold brigand (D:7)
  3 hounds
  An orc priest (D:6)
  A gnoll bouda (D:6)
  2 jellies (D:5)
  2 iguanas
  5 gnolls (D:6)
  3 adders
  A white imp (D:6)
  3 ufetubi
  2 ribbon worms (D:3)
  7 orcs
  7 ball pythons
  2 endoplasms
  A giant cockroach (D:1)
  5 goblins
  8 hobgoblins
  5 kobolds
  5 bats
  5 frilled lizards
  A rat (D:3)
77 creatures vanquished.

Vanquished Creatures (collateral kills)
  Sigmund (D:3)
  A water moccasin (D:6)
  An orc warrior (D:7)
  2 ice beasts
  A scorpion (D:7)
  A jelly (D:6)
  An orc priest (D:6)
  An iguana (D:5)
  A sleepcap (D:6)
  4 adders
  3 gnolls (D:3)
  A shadow imp (D:6)
  2 ufetubi
  3 ribbon worms
  An orc (D:6)
  3 ball pythons
  An endoplasm (D:3)
  A giant cockroach (D:1)
  A goblin (D:1)
  A hobgoblin (D:1)
  2 kobolds (D:7)
  A quokka (D:4)
  2 bats
36 creatures vanquished.

Vanquished Creatures (others)
  5 knights
5 creatures vanquished.

Grand Total: 118 creatures vanquished

Notes
Turn   | Place    | Note
-------+----------+-------------------------------------------
     0 | D:5      | inmateoo the Human Delver began the quest for the Orb.
     0 | D:5      | Reached XP level 1. HP: 18/18 MP: 1/1
    13 | D:6      | Found a hazy altar of Hepliaklqana.
    13 | D:6      | Found an iron altar of Okawaru.
    13 | D:6      | Found a stormy altar of Qazlal.
    14 | D:6      | Found a hide-covered altar of Uskayaw.
    14 | D:6      | Found an ancient bone altar of Kikubaaqudgha.
    17 | D:6      | Became a worshipper of Hepliaklqana the Forgotten
    50 | D:6      | Noticed Edmund
   159 | D:5      | Noticed a hound
   325 | D:4      | Noticed Grinder
   353 | D:4      | Noticed a lemure
   354 | D:4      | Noticed a lemure
   461 | D:3      | Noticed Sigmund
   554 | D:3      | Reached * piety under Hepliaklqana
   569 | D:3      | Reached XP level 2. HP: 21/21 MP: 2/2
   711 | D:2      | Got Nanki's Secrets of the Flock
   998 | D:1      | Reached skill level 3 in Polearms
  1016 | D:1      | Reached XP level 3. HP: 26/26 MP: 3/3
  1421 | D:2      | Reached ** piety under Hepliaklqana
  1422 | D:2      | Remembered your ancestor Paullus as a knight
  2356 | D:2      | Reached XP level 4. HP: 13/32 MP: 4/4
  2805 | D:3      | Killed Sigmund
  2806 | D:3      | Reached skill level 5 in Polearms
  2806 | D:3      | Reached XP level 5. HP: 24/38 MP: 5/5
  2806 | D:3      | Reached XP level 6. HP: 28/44 MP: 6/6
  2994 | D:4      | Reached *** piety under Hepliaklqana
  3012 | D:4      | Found a transporter.
  3042 | D:4      | Found a staircase to the Ecumenical Temple.
  3099 | D:4      | Found a transporter.
  3103 | D:4      | Noticed an ice beast
  3103 | D:4      | Noticed an ice beast
  3103 | D:4      | Noticed an ice beast
  3108 | D:4      | Noticed Menkaure
  3114 | D:4      | Killed Menkaure
  3230 | D:4      | Identified the flux talisman of the Game of Kings {Will+
                  | Dex+4}
  3325 | D:4      | Killed Grinder
  3326 | D:4      | Reached skill level 5 in Fighting
  3326 | D:4      | Reached skill level 6 in Polearms
  3326 | D:4      | Reached XP level 7. HP: 50/50 MP: 7/7
  3368 | D:4      | Reached skill level 7 in Polearms
  3556 | D:4      | Noticed Pikel
  3635 | D:4      | Killed Pikel
  3636 | D:4      | Reached skill level 8 in Polearms
  3636 | D:4      | Reached XP level 8. HP: 52/55 MP: 8/8
  3688 | D:4      | Reached skill level 9 in Polearms
  4613 | D:5      | Reached skill level 10 in Polearms
  4628 | D:5      | Reached **** piety under Hepliaklqana
  4935 | D:6      | Reached skill level 1 in Invocations
  4938 | D:6      | Reached skill level 1 in Armour
  4957 | D:6      | Identified the +7 dagger "Luvaiwap" {drain, rElec rF- rN+
                  | rCorr}
  4970 | D:6      | Reached XP level 9. HP: 58/61 MP: 8/10
  4972 | D:6      | Identified the +1 leather armour "Xuakkyh" {Rampage Str-2
                  | Stlth+}
  5371 | D:6      | Killed Edmund
  5377 | D:6      | Found a runed translucent door.
  5378 | D:6      | Found a shimmering altar of Xom.
  5378 | D:6      | Noticed lDtest's ghost (novice DrEE)
  5379 | D:6      | Noticed a +1 spear of chaos
  5462 | D:6      | Noticed Prince Ribbit
  5466 | D:6      | Killed Prince Ribbit
  5885 | D:7      | Slain by a wight

Illustrated notes

Levels and vault maps discovered:
D:1:      evilmike_arrival_plus, layout_basic
D:2:      layout_basic
D:3:      layout_basic, st_stairs_9, uniq_sigmund
D:4:      gammafunk_cloud_chamber, layout_basic, minmay_temple_entry_trees,
          minmay_misc_feat_x, chequers_hall_statues_y, minmay_misc_feat_rows,
          uniq_grinder, uniq_pikel, uniq_menkaure
D:5:      minmay_evil_eye, layout_cave_pods
D:6:      layout_loops_cross, grunt_temple_overflow_open, ebering_ghost_xom,
          kennysheep_opposing_triangles, uniq_edmund, uniq_prince_ribbit1
D:7:      minmay_the_grid_triangle_9x9_rhombus_full
          [minmay_the_grid_triangle_9x9_stretched_checkered,
          minmay_the_grid_triangle_9x9_limited_checkers,
          minmay_the_grid_triangle_9x9_skeleton,
          minmay_the_grid_triangle_9x9_descending_squares,
          minmay_the_grid_triangle_9x9_impossible_snake,
          minmay_the_grid_triangle_9x9_thin_v,
          minmay_the_grid_triangle_9x9_zippers_vertical,
          minmay_the_grid_triangle_9x9_prize_special], layout_cave_pools

Skill      XL: |  1  2  3  4  5  6  7  8  9 |
---------------+----------------------------+-----
Polearms       | 3 5 6 8 10 | 10.4
Fighting       | 4 5 6 |  6.0
Invocations    | 1 3 |  3.2
Armour         | 1 2 |  2.9
Dodging        | 3 |  3.7
Stealth        | |  5.0

Action                     |  1- 3 |  4- 6 |  7- 9 || total
---------------------------+-------+-------+-------++-------
  Melee: Spear             |   121 |       |       ||   121
         Punch             |     1 |       |       ||     1
         Halberd           |       |    37 |   152 ||   189
 Invoke: Recall Ancestor   |     1 |       |     1 ||     2
         Ancestor Life: Kn |     1 |       |       ||     1
  Evoke: Wand              |     3 |       |     2 ||     5
    Use: Scroll            |     2 |       |    10 ||    12
   Stab: Sleeping          |    11 |     4 |     4 ||    19
         Distracted        |     3 |     2 |     1 ||     6
 Armour: Leather armour    |    46 |    10 |    12 ||    68
         Scale mail        |       |       |    41 ||    41
  Dodge: Dodged            |    56 |    10 |    39 ||   105
